Map: Caverne nascoste

Players

Mrouver

  • Race: Terran Terran

Shadow

  • Race: Terran Terran

FNqrummby

  • Race: Protoss Protoss

llRAYOll

  • Race: Terran Terran

bgscs - Winner!

  • Race: Protoss Protoss

Jhyrachy - Winner!

  • Race: Zerg Zerg
  • League: Gold

Kodeks - Winner!

  • Race: Terran Terran

Skywalker - Winner!

  • Race: Terran Terran

VOD

Have the link to the VOD?

Description

Time

  • Played on: April 23, 2016, 6:16 p.m.
  • Length: 13:45
Show
View Real Time Build Order
Export as new Build Order

Mrouver Terran 

Build Orders:  

Get SALT Encoding   

  12  0:01  SCV  
  13  0:13  SCV  
  14  0:25  SCV  
  15  0:36  Supply Depot  
  15  0:58  SCV  
  15  1:00  Barracks  
  15  1:03  Supply Depot  
  16  1:08  Refinery  
  16  1:10  SCV  
  17  1:22  SCV  
  18  1:34  SCV  
  19  1:41  Command Center  
  19  1:46  SCV  
  20  1:59  Barracks  
  20  2:06  Supply Depot  
  20  2:09  Marine  
  20  2:12  SCV  
  22  2:24  SCV  
  22  2:25  Refinery  
  22  2:29  Marine  
  24  2:36  SCV  
  25  2:48  SCV  
  26  2:57  SCV  
  27  2:59  Marine  
  27  3:01  SCV, Engineering Bay  
  29  3:08  Bunker  
  29  3:11  SCV  
  30  3:13  SCV  
  31  3:35  SCV  
  31  3:36  Missile Turret  
  32  3:43  Factory  
  32  3:45  Missile Turret  
  32  3:50  SCV  
  33  4:00  Barracks Tech Lab  
  34  4:02  SCV  
  34  4:22  Engineering Bay  
  34  4:26  SCV  
  34  4:29  Missile Turret  
  35  4:31  Factory Tech Lab  
  35  4:33  Starport, Barracks Reactor  
  35  4:36  Missile Turret  
  35  4:37  Orbital Command  
  35  4:39  SCV  
  35  4:43  Marine  
  37  4:51  SCV  
  38  4:58  Refinery  
  38  5:03  SCV  
  38  5:05  Command Center  
  39  5:12  Starport Tech Lab  
  39  5:13  Siege Tank  
  42  5:15  SCV  
  43  5:24  Supply Depot  
  43  5:27  SCV  
  44  5:40  Barracks Tech Lab  
  44  5:45  Planetary Fortress  
  44  5:49  Siege Tank  
  47  5:54  Marine x2  
  49  5:59  Supply Depot  
  49  6:09  Starport  
  49  6:12  Marine  
  50  6:18  Marine  
  50  6:19  Marine  
  50  6:21  Supply Depot  
  50  6:23  SCV  
  50  6:24  SCV  
  54  6:27  SCV  
  54  6:30  Siege Tank  
  58  6:35  SCV  
  58  6:36  SCV  
  58  6:39  SCV  
  61  6:41  Bunker  
  61  6:42  Marine  
  61  6:47  Refinery, SCV  
  62  6:48  SCV  
  62  6:51  SCV  
  62  6:54  Starport Tech Lab  
  65  6:59  SCV  
  65  7:01  SCV  
  67  7:03  Siege Tank, SCV  
  71  7:11  SCV  
  71  7:13  SCV  
  74  7:15  SCV  
  74  7:23  SCV  
  74  7:28  Planetary Fortress  
  74  7:29  Marine  
  70  7:30  Marine x2  
  70  7:35  SCV  
  68  7:47  Marine x2  
  68  7:48  Marine  
  70  7:57  Missile Turret  
  70  8:05  Marine x3  
  70  8:08  Barracks  
  72  8:24  Command Center  
  72  8:31  Refinery, Supply Depot  
  72  8:33  Refinery  
  72  8:41  Stimpack  
  72  8:46  Supply Depot  
  72  8:48  Supply Depot  
  72  9:04  Factory Tech Lab  
  72  9:06  Barracks Reactor  
  72  9:07  Supply Depot  
  72  9:09  Marine x3, Supply Depot  
  72  9:11  Supply Depot  
  72  9:12  Supply Depot  
  75  9:27  Marine x3  
  75  9:28  Supply Depot  
  78  9:34  Supply Depot  
  78  9:37  Orbital Command  
  78  9:38  Missile Turret  
  78  9:45  Marine x3  
  60  10:03  Marine x3  
  59  10:11  Siege Tank  
  62  10:16  Supply Depot  
  62  10:21  Marine x3  
  62  10:37  Marine  
  62  10:38  Marine  
  62  10:39  Marine x3  
  61  10:43  Siege Tank  
  64  10:55  Marine x2  
  64  10:56  Bunker, Marine x3  
  67  11:13  Marine x2  
  67  11:14  Marine x3  
  69  11:15  Siege Tank  
  69  11:31  Marine x2  
  69  11:32  Marine x2  
Show
View Real Time Build Order
Export as new Build Order

Shadow Terran 

Build Orders: Command Center First (CC) 

Get SALT Encoding   

  12  0:04  SCV  
  13  0:16  SCV  
  14  0:28  SCV  
  15  1:01  Supply Depot  
  15  1:03  Command Center  
  15  1:21  Supply Depot  
  15  1:22  SCV  
  16  1:34  SCV  
  17  1:41  Barracks  
  17  1:44  Supply Depot  
  17  1:46  SCV  
  18  1:57  Refinery  
  18  1:59  Refinery, SCV  
  19  2:10  Supply Depot  
  19  2:13  SCV  
  20  2:25  SCV  
  21  2:32  Supply Depot  
  21  2:34  Marine  
  22  2:38  SCV  
  23  2:50  SCV x2, Barracks  
  25  2:52  Marine  
  26  3:02  SCV  
  27  3:10  Barracks  
  27  3:13  SCV  
  27  3:15  SCV  
  29  3:26  SCV  
  30  3:29  Barracks Tech Lab  
  30  3:38  Orbital Command  
  31  3:41  SCV  
  31  3:49  Barracks Reactor  
  31  3:50  Combat Shields  
  31  3:53  SCV  
  32  4:03  Barracks Reactor  
  32  4:05  SCV  
  33  4:10  SCV  
  34  4:17  SCV  
  34  4:21  Engineering Bay  
  34  4:22  SCV  
  36  4:29  SCV  
  37  4:34  SCV  
  37  4:35  Factory  
  38  4:40  Refinery  
  38  4:41  SCV  
  38  4:42  Refinery  
  39  4:46  SCV  
  39  4:50  Terran Infantry Weapons Level 1  
  40  4:54  SCV  
  40  4:58  SCV  
  42  5:06  Marauder, Marine x3, SCV  
  42  5:07  Marine  
  48  5:09  Concussive Shells  
  48  5:10  SCV  
  50  5:18  SCV  
  51  5:24  Marine x4  
  51  5:28  Marauder  
  57  5:30  SCV  
  58  5:36  Supply Depot  
  58  5:42  Marine x4  
  61  5:43  Factory Tech Lab  
  61  5:49  Marauder  
  64  5:56  Planetary Fortress  
  64  5:59  Supply Depot  
  64  6:04  Missile Turret  
  64  6:17  Missile Turret  
  63  6:23  Supply Depot  
  57  6:38  SCV  
  58  6:44  Terran Infantry Armor Level 1  
  58  6:45  Supply Depot  
  58  6:50  SCV  
  58  6:52  Missile Turret  
  59  7:02  SCV  
  55  7:13  Missile Turret  
  55  7:15  SCV  
  41  7:27  SCV  
  42  7:34  Missile Turret  
Show
View Real Time Build Order
Export as new Build Order

FNqrummby Protoss 

Build Orders:  

Get SALT Encoding   

  12  2:03  Probe (Chrono Boost)  
  12  2:06  Assimilator  
  13  2:09  Assimilator  
  13  2:11  Pylon  
  13  2:14  Probe (Chrono Boost)  
  13  2:15  Pylon  
  14  2:19  Pylon  
  14  2:25  Probe (Chrono Boost)  
  15  2:35  Probe (Chrono Boost)  
  16  2:46  Probe (Chrono Boost)  
  17  2:56  Probe (Chrono Boost)  
  18  4:39  Forge  
  18  4:49  Pylon  
  18  4:52  Probe (Chrono Boost)  
  19  4:55  Pylon  
  19  5:01  Pylon  
  19  5:03  Probe (Chrono Boost)  
  20  5:07  Pylon  
  20  5:13  Probe (Chrono Boost)  
  21  5:15  Photon Cannon  
  21  5:19  Pylon  
  21  5:22  Pylon  
  21  5:24  Probe (Chrono Boost)  
  21  5:25  Nexus  
  21  5:26  Pylon x2  
  22  5:30  Pylon  
  22  5:32  Assimilator  
  22  5:34  Probe (Chrono Boost)  
  23  5:37  Assimilator  
  23  5:45  Probe (Chrono Boost)  
  23  5:47  Nexus  
  24  5:50  Assimilator  
  24  5:54  Assimilator  
  24  5:55  Probe (Chrono Boost)  
  25  5:57  Pylon  
  25  6:01  Pylon  
  25  6:30  Pylon  
Show
View Real Time Build Order
Export as new Build Order

llRAYOll Terran 

Build Orders: 1/1/1 

Get SALT Encoding   

  12  0:01  SCV  
  13  0:15  Supply Depot  
  13  0:19  SCV  
  14  0:30  Refinery  
  14  0:40  Barracks  
  14  0:44  SCV  
  15  0:56  SCV  
  16  1:08  SCV  
  16  1:09  Barracks  
  17  1:20  SCV  
  18  1:34  Factory  
  18  1:43  Refinery  
  18  1:47  Orbital Command  
  18  2:03  Barracks Tech Lab  
  18  2:10  Barracks Reactor  
  18  2:28  Starport  
  18  2:29  Factory Tech Lab  
  18  2:33  Marauder  
  20  2:40  SCV  
  21  2:52  SCV  
  21  2:53  Marine  
  23  3:01  Supply Depot  
  23  3:06  Starport Reactor  
  23  3:22  Marine x2  
  23  3:23  Siege Tank, SCV, Supply Depot  
  29  3:27  Marine  
  30  3:35  SCV  
  30  3:36  Engineering Bay  
  31  3:45  Marine  
  31  3:46  Supply Depot  
  31  3:47  Medivac  
  34  3:52  Medivac  
  36  4:05  Marine x2  
  36  4:06  Marine  
  39  4:17  Medivac  
  39  4:22  Supply Depot, Medivac  
  43  4:38  Marine  
  43  4:39  Marine x2  
  46  4:46  Siege Tank  
  49  4:56  Marine  
  50  5:00  Command Center  
  50  5:05  Marine x2  
  52  5:14  Supply Depot  
  52  5:33  Marine x3  
  55  5:36  Medivac  
  55  5:38  Supply Depot  
  57  5:50  Marine  
  57  5:53  Marine x2  
  60  6:08  Marine  
  60  6:11  Marine  
  62  6:14  Siege Tank  
  62  6:16  Marine  
  69  6:47  Liberator  
  53  8:07  Refinery  
  53  8:09  Refinery  
  53  8:16  SCV  
  54  8:23  Barracks x2  
  54  8:28  SCV, Barracks  
  53  8:40  SCV  
Show
View Real Time Build Order
Export as new Build Order

bgscs Protoss - Winner!

Build Orders: Nexus First 

Get SALT Encoding   

  12  0:02  Probe (Chrono Boost)  
  13  0:13  Probe (Chrono Boost)  
  14  0:21  Pylon  
  14  0:23  Probe (Chrono Boost)  
  15  0:39  Probe (Chrono Boost)  
  16  0:50  Probe (Chrono Boost)  
  17  0:59  Nexus  
  17  1:02  Probe (Chrono Boost)  
  18  1:12  Probe (Chrono Boost)  
  18  1:15  Pylon  
  19  1:23  Probe (Chrono Boost)  
  20  1:28  Gateway  
  20  1:35  Probe (Chrono Boost)  
  20  1:38  Assimilator  
  21  1:41  Assimilator  
  21  1:46  Probe (Chrono Boost)  
  22  1:51  Pylon  
  22  1:56  Probe (Chrono Boost)  
  23  2:07  Probe (Chrono Boost)  
  24  2:14  Probe (Chrono Boost)  
  25  2:23  Probe (Chrono Boost)  
  25  2:25  Cybernetics Core  
  25  2:28  Probe, Zealot (Chrono Boost)  
  28  2:34  Probe  
  30  2:39  Pylon  
  30  2:40  Probe (Chrono Boost)  
  31  2:47  Probe (Chrono Boost)  
  32  2:54  Probe (Chrono Boost)  
  32  2:56  Assimilator  
  33  2:58  Gateway  
  33  3:03  Probe (Chrono Boost)  
  34  3:07  Pylon  
  34  3:08  Probe (Chrono Boost)  
  35  3:13  Assimilator  
  35  3:14  Probe (Chrono Boost)  
  36  3:20  Probe (Chrono Boost)  
  36  3:23  Warp Gate  
  36  3:25  Mothership Core (Chrono Boost)  
  36  3:26  Stalker (Chrono Boost)  
  41  3:31  Probe (Chrono Boost)  
  43  3:47  Probe  
  43  3:54  Pylon  
  43  3:57  Pylon  
  43  4:02  Stalker (Chrono Boost)  
  45  4:03  Gateway  
  45  4:06  Pylon  
  45  4:09  Pylon  
  45  4:13  Stalker (Chrono Boost)  
  47  4:29  Twilight Council  
  47  4:32  Pylon  
  47  4:34  Pylon  
  47  4:39  Probe, Stalker (Chrono Boost)  
  47  4:40  Forge  
  52  4:47  Stalker (Chrono Boost)  
  52  4:55  Blink (Chrono Boost)  
  52  5:01  Robotics Facility  
  52  5:04  Stalker (Chrono Boost)  
  52  5:05  Pylon  
  54  5:23  Protoss Ground Weapons Level 1 (Chrono Boost)  
  54  5:39  Stalker x2  
  54  5:42  Stalker  
  60  6:01  Observer  
  61  6:07  Stalker x2  
  61  6:08  Stalker  
  67  6:22  Observer  
  68  6:42  Stalker x3  
  74  6:51  Protoss Ground Weapons Level 2 (Chrono Boost)  
  74  7:00  Immortal (Chrono Boost)  
  78  7:11  Stalker x2  
  78  7:12  Stalker  
  84  7:34  Stalker  
  84  7:35  Stalker x2  
  90  7:52  Immortal (Chrono Boost)  
  94  8:17  Stalker x2  
  94  8:18  Stalker  
  100  8:35  Gateway  
  100  8:38  Gateway  
  100  8:41  Pylon  
  100  8:50  Stalker  
  100  8:51  Stalker x2  
  106  8:56  Protoss Ground Weapons Level 3  
  106  9:18  Immortal (Chrono Boost)  
  106  9:23  Stalker x2  
  106  9:24  Stalker  
  116  9:57  Stalker x5  
  126  10:12  Immortal (Chrono Boost)  
  130  10:22  Robotics Bay  
  130  10:52  Nexus  
  130  10:53  Pylon  
  130  10:56  Assimilator  
  128  11:00  Assimilator  
  128  11:09  Stalker x3  
  134  11:12  Stalker  
  136  11:15  Colossus (Chrono Boost)  
  136  11:18  Protoss Ground Armor Level 1  
Show
View Real Time Build Order
Export as new Build Order

Jhyrachy Zerg - Winner!

Build Orders: Hatch First 

Get SALT Encoding   

  12  0:06  Drone  
  13  0:15  Drone  
  13  0:16  Overlord  
  14  0:35  Drone x2  
  16  0:41  Drone  
  17  1:05  Hatchery  
  17  1:09  Drone x2  
  18  1:14  Extractor  
  17  1:18  Spawning Pool  
  17  1:21  Drone  
  17  1:25  Drone  
  18  1:52  Overlord  
  18  1:53  Drone  
  19  2:08  Queen  
  19  2:13  Extractor  
  19  2:14  Evolution Chamber  
  19  2:17  Drone x3  
  19  2:18  Evolution Chamber  
  21  2:31  Drone  
  21  2:32  Drone, Queen  
  25  2:48  Drone x2  
  25  2:49  Drone  
  29  3:05  Drone x2  
  29  3:06  Drone x2  
  29  3:11  Lair  
  32  3:14  Zerg Melee Weapons Level 1  
  32  3:22  Zerg Ground Armor Level 1  
  32  3:29  Drone  
  32  3:30  Drone x3  
  36  3:35  Extractor  
  36  3:37  Extractor  
  34  3:41  Drone  
  34  3:43  Overlord  
  35  3:57  Metabolic Boost  
  35  4:09  Drone  
  36  4:10  Drone x7  
  43  4:18  Drone  
  43  4:19  Overlord x2  
  44  4:34  Drone, Infestation Pit  
  44  4:40  Drone x2  
  44  4:41  Drone x2  
  44  4:42  Overlord  
  44  4:45  Overseer  
  48  4:55  Drone  
  49  5:09  Zerg Melee Weapons Level 2  
  49  5:12  Hive  
  49  5:18  Hatchery, Zerg Ground Armor Level 2  
  48  5:55  Drone x2  
  50  6:19  Drone  
  50  6:20  Drone x16  
  67  7:03  Extractor  
  67  7:05  Extractor  
  65  7:09  Ultralisk Cavern  
  64  7:28  Zerg Melee Weapons Level 3  
  64  7:34  Spine Crawler  
  64  7:35  Queen  
  65  7:41  Overlord x2  
  65  7:42  Overlord x2  
  65  7:44  Zerg Ground Armor Level 3  
  65  8:00  Chitinous Plating  
  65  8:01  Overlord x4  
  65  8:04  Ultralisk x6  
  101  8:22  Drone x2  
  103  8:40  Drone  
  104  8:46  Queen  
  106  8:50  Hatchery  
  105  9:21  Queen  
  89  10:23  Ultralisk x9  
  89  10:26  Overlord x2  
  89  10:27  Overlord x4  
  143  11:13  Overlord x2  
Show
View Real Time Build Order
Export as new Build Order

Kodeks Terran - Winner!

Build Orders:  

Get SALT Encoding   

  12  0:05  SCV  
  13  0:18  SCV  
  14  0:30  SCV  
  15  0:40  Refinery  
  15  0:47  Refinery  
  15  0:55  Supply Depot  
  15  1:03  Supply Depot  
  15  1:16  SCV  
  16  1:28  SCV  
  16  1:29  Supply Depot  
  16  1:32  Barracks  
  17  1:40  SCV  
  17  1:46  Barracks  
  18  1:52  SCV  
  19  2:02  Barracks  
  19  2:05  SCV  
  20  2:12  Barracks  
  20  2:20  Barracks Tech Lab  
  20  2:30  Engineering Bay  
  20  2:38  Marine x2  
  22  2:53  Supply Depot  
  22  2:55  Marine  
  22  2:56  Marine  
  22  2:58  Marine  
  24  3:01  Barracks Reactor  
  24  3:03  Combat Shields  
  25  3:13  Marine  
  25  3:14  Marine  
  25  3:16  Marine  
  28  3:31  Marine x2  
  28  3:33  Orbital Command  
  30  3:39  Terran Infantry Weapons Level 1  
  30  3:41  Marine  
  30  3:44  Marine  
  30  3:47  Marine  
  33  3:50  Marine  
  34  4:09  Barracks Reactor  
  34  4:12  Barracks Reactor  
  34  4:15  Marine x2  
  34  4:16  Marine  
  37  4:22  Supply Depot  
  37  4:27  Missile Turret  
  37  4:33  Marine  
  38  4:39  Marauder  
  38  4:44  Marine  
  41  4:50  Missile Turret  
  41  4:51  Marine x2  
  43  4:53  Marine  
  43  4:55  Marine  
  43  4:58  Marine  
  46  5:00  Marauder  
  48  5:13  Supply Depot  
  48  5:15  Marine  
  48  5:16  Marine  
  48  5:17  Marine  
  48  5:19  Marine  
  52  5:33  Terran Infantry Armor Level 1  
  52  5:36  Marine x2  
  52  5:37  Marine x4  
  52  5:40  Marine  
  59  5:47  Supply Depot  
  59  6:06  Marine  
  59  6:07  Marine x3  
  59  6:08  Marine  
  59  6:09  Marine x2, Supply Depot  
  59  6:33  Supply Depot  
  9  10:36  Command Center  
Show
View Real Time Build Order
Export as new Build Order

Skywalker Terran - Winner!

Build Orders:  

Get SALT Encoding   

  12  0:02  SCV  
  13  0:14  SCV  
  14  0:33  SCV  
  15  0:37  Supply Depot  
  15  0:57  Refinery  
  15  1:14  Barracks  
  15  1:16  Barracks  
  15  1:17  Barracks  
  15  1:33  Supply Depot  
  15  2:02  Barracks  
  15  2:03  Barracks  
  15  2:13  Orbital Command  
  15  2:21  Marine x2  
  15  2:22  Marine  
  18  3:23  Barracks Tech Lab  
  18  3:25  Barracks Reactor  
  18  3:38  SCV  
  19  3:42  Command Center  
  19  3:50  SCV, Engineering Bay  
  19  3:54  Barracks Reactor  
  20  3:57  Barracks Tech Lab  
  20  4:01  Barracks Reactor  
  20  4:02  SCV  
  21  4:12  Marine  
  21  4:13  Marine x2  
  24  4:30  Marine x2, Factory  
  24  4:31  Marine  
  27  4:33  Refinery, SCV  
  28  4:45  SCV  
  29  4:58  SCV  
  29  4:59  Terran Infantry Weapons Level 1  
  30  5:19  Refinery  
  30  5:23  Orbital Command  
  30  5:24  Marine  
  30  5:25  Marine x7  
  38  5:40  Factory Tech Lab  
  38  5:42  Marine  
  39  5:43  Marine x3  
  39  5:45  Starport  
  39  5:47  SCV  
  43  5:53  Marine x3  
  46  6:09  Supply Depot  
  46  6:30  SCV x2  
  48  6:42  SCV  
  33  7:28  Marine  
  33  7:29  Marine x7  
  41  7:46  Marine  
  41  7:47  Marine x7  
  45  8:04  Marine x3  
  45  8:05  Marine x5  
  53  8:19  Starport Reactor  
  53  8:22  Marine  
  53  8:23  Stimpack  
  53  8:25  Combat Shields  
  54  8:33  Supply Depot  
  54  8:35  Terran Infantry Armor Level 1  
  54  8:54  Marine x4  
  54  8:55  SCV  
  59  8:56  Supply Depot  
  59  9:07  SCV  
  60  9:18  Supply Depot  
  60  9:19  SCV  
  61  9:31  SCV  
  52  9:40  Supply Depot  
  48  10:05  Marine  
  48  10:06  Marine x7  
  56  10:23  Marine  
  56  10:24  Marine x7  
  64  10:41  Marine  
  64  10:42  Armory, Marine x7  
  72  10:52  Engineering Bay  
  72  10:59  Marine x7  
  72  11:00  Marine  
  79  11:17  Marine x2  
Tags
 
Add a new tag
Caveats
  • Supply blocks, unpowered buildings, or Contaminate may cause inaccurate times.
  • Supply counts are checked every 10 seconds.